 Dungeon Crawl Stone Soup version 0.18.1-8-gdd0e5ea (webtiles) character file.

2019 mistymad the Insei (level 9, -13/81 HPs)
             Began as a Naga Transmuter on May 22, 2016.
             Was a Believer of Okawaru.
             Shot with an arrow by a centaur (17 damage)
             ... on level 6 of the Dungeon.
             The game lasted 00:35:07 (9278 turns).

mistymad the Insei (Naga Transmuter)                Turns: 9278, Time: 00:35:08

Health: -13/81     AC:  2    Str: 10    XL:     9   Next: 23%
Magic:  14/17      EV: 22    Int: 21    God:    Okawaru [**....]
Gold:   426        SH:  0    Dex: 15    Spells: 4 memorised, 8 levels left

rFire  . . .     SeeInvis +       - Unarmed
rCold  . . .     Gourm    .     (armour currently unavailable)
rNeg   . . .     Faith    .     (shield currently unavailable)
rPois  x         Spirit   .     (helmet currently unavailable)
rElec  .         Dismiss  .     (cloak currently unavailable)
rCorr  .         Reflect  .     (gloves currently unavailable)
SustAt .         Harm     .     (no barding)
MR     ++...                    (no amulet)
Stlth  +.........               C - ring of protection from magic
                                j - +4 ring of intelligence

@: spider-form (expiring), very resistant to hostile enchantments, very
unstealthy
A: (thin metallic scales 0), see invisible, clumsy 1, (deformed body), (poison
resistance), (slowness 0), slow regeneration 1, slow metabolism 1, spit poison
2, weak 1, AC +3
a: Spit Poison, End Transformation, Heroism, Renounce Religion


You were on level 6 of the Dungeon.
You worshipped Okawaru.
Okawaru was pleased with you.
You were not hungry.
You were a venomous arachnid creature.
You visited 2 branches of the dungeon, and saw 8 of its levels.

You collected 426 gold pieces.

Inventory:

Missiles
 a - 38 arrows
Armour
 b - a +0 robe (melded)
 v - a +0 pair of gloves (melded)
Jewellery
 j - a +4 ring of intelligence (left front leg)
 B - an uncursed ring of flight
 C - a ring of protection from magic (right front leg)
Wands
 t - a wand of confusion (17/48)
Scrolls
 e - 2 scrolls of magic mapping {unknown}
 f - 5 scrolls of identify {unknown}
 l - a scroll of immolation {unknown}
 m - a scroll of teleportation {unknown}
 n - 3 scrolls of amnesia {unknown}
 o - 2 scrolls of noise {unknown}
 r - 2 scrolls of remove curse {unknown}
 x - a scroll of fog {unknown}
 y - a scroll of fear {unknown}
 D - a scroll of recharging {unknown}
Potions
 g - 4 potions of mutation {unknown}
 h - a potion of invisibility {unknown}
 k - 3 potions of berserk rage {unknown}
 q - 2 potions of flight {unknown}
 s - 5 potions of heal wounds {unknown}
 u - a potion of curing
 z - a potion of magic {unknown}
 A - a potion of lignification {unknown}
 F - a potion of brilliance {unknown}
 I - a potion of cancellation {unknown}
Books
 c - a book of Changes

   Spells                             Type                      Level
   a - Beastly Appendage              Transmutation                1
   b - Sticks to Snakes               Transmutation                2
   c - Spider Form                    Transmutation/Poison         3
   d - Ice Form                       Ice/Transmutation            4
   e - Blade Hands                    Transmutation                5
Comestibles
 d - 7 bread rations
 i - 3 fruits
 p - a royal jelly
 w - 2 meat rations
 G - 2 beef jerkies
 H - 7 slices of pizza


   Skills:
 + Level 5.0 Fighting
 + Level 4.3 Dodging
 + Level 6.1 Unarmed Combat
 + Level 5.5 Spellcasting
 + Level 5.5 Transmutations


You had 8 spell levels left.
You knew the following spells:

 Your Spells              Type           Power        Failure   Level  Hunger
a - Beastly Appendage     Trmt           ####..       6%          1    None
b - Sticks to Snakes      Trmt           ####....     8%          2    None
c - Spider Form           Trmt/Pois      ###.......   28%         3    ##.....
d - Blade Hands           Trmt           ####......   56%         5    #####..


Dungeon Overview and Level Annotations

Branches:
Dungeon (7/15)             Temple (1/1) D:4

Altars:
Ashenzari
Elyvilon
Fedhas
Gozag
Makhleb
Nemelex Xobeh
Okawaru
Pakellas
Qazlal
Ru
Vehumet
Xom
Yredelemnul
Zin
The Shining One

Annotations:
D:7 Menkaure


Innate Abilities, Weirdness & Mutations

You cannot wear boots.
((Your serpentine skin is tough (AC +3).))
You have supernaturally acute eyesight.
((Armour fits poorly on your strangely shaped body.))
((Your system is resistant to poisons.))
((You cover ground very slowly.))
You have a slow metabolism.
You can spit poison.
((You are partially covered in thin metallic scales (AC +2).))
You are clumsy. (Dex -2)
You regenerate slowly when monsters are visible.
You are weak. (Str -2)


Message History

The hound completely misses you.
Your transformation is almost over.
The hound bites you.
* * * LOW HITPOINT WARNING * * *
The hound bites you.
* * * LOW HITPOINT WARNING * * *
There is a stone staircase leading up here.
The howler monkey hoots and howls with incredible vigour!
The hound bites you.
* * * LOW HITPOINT WARNING * * *
You climb upwards.
The centaur shouts!
The centaur wields a shortbow.
The centaur shoots an arrow.
The arrow closely misses you.
There is a stone staircase leading down here.
You see here an arrow.
You hit the hound.
The hound is heavily wounded.
The centaur shoots an arrow.
The arrow hits you!
You die...

.#.....##.....######'##....#.....
.####'###.....####...##....'.....
.+..............#...[......#..(..
.#..............#..........#.....
.#..............#(...########....
.#..............#....##....##....
.#########......##...##....######
.........#+########'###....#.....
.........#......s).........#.....
.........#......h..........#.....
.........#.................#.....
.........#'########'########.....
####+##......................####
......'......................#
......#................c.....#
......#......................#
.##'###......................#


You could see a centaur and a hound.

Vanquished Creatures
  A human (D:7)
  3 sky beasts
  An orc warrior (D:6)
  A centaur (D:7)
  2 giant frogs
  A gnoll sergeant (D:6)
  3 scorpions
  9 howler monkeys
  A hound (D:4)
  4 orc wizards
  An orc priest (D:4)
  Ijyb (D:4)
  3 worker ants
  4 sheep
  20 gnolls
  7 adders
  A shadow imp (D:5)
  An ooze (D:1)
  2 adder skeletons
  4 worms
  4 dart slugs
  5 giant geckos
  19 orcs
  A ball python (D:1)
  4 giant cockroaches
  17 goblins
  14 hobgoblins
  25 jackals
  5 quokkas
  7 bats
  9 giant newts
  7 kobolds
  A quokka skeleton (D:4)
  9 rats
197 creatures vanquished.

Vanquished Creatures (collateral kills)
  A ball python skeleton (D:4)
1 creature vanquished.

Grand Total: 198 creatures vanquished

Notes
Turn   | Place    | Note
--------------------------------------------------------------
     0 | D:1      | mistymad the Naga Transmuter began the quest for the Orb.
     0 | D:1      | Reached XP level 1. HP: 18/18 MP: 3/3
   148 | D:1      | Reached XP level 2. HP: 17/25 MP: 3/5
   602 | D:1      | Reached XP level 3. HP: 24/31 MP: 4/6
   727 | D:1      | Learned a level 2 spell: Sticks to Snakes
   731 | D:1      | Learned a level 3 spell: Spider Form
  1645 | D:2      | Reached XP level 4. HP: 6/39 MP: 2/7
  2687 | D:2      | Reached XP level 5. HP: 23/45 MP: 5/9
  3579 | D:3      | Found an opulent altar of Gozag.
  3640 | D:3      | Reached XP level 6. HP: 52/55 MP: 6/10
  3744 | D:3      | Found a shattered altar of Ashenzari.
  3962 | D:3      | Reached skill level 4 in Unarmed Combat
  4195 | D:4      | Found a radiant altar of Vehumet.
  4257 | D:4      | Found a shimmering altar of Xom.
  4420 | D:4      | Found an iron altar of Okawaru.
  4437 | D:4      | Became a worshipper of Warmaster Okawaru
  4638 | D:4      | Found a staircase to the Ecumenical Temple.
  5033 | D:4      | Reached XP level 7. HP: 34/61 MP: 8/12
  5310 | Temple   | Entered the Ecumenical Temple
  5564 | D:4      | Learned a level 5 spell: Blade Hands
  5969 | D:4      | Noticed Ijyb
  5984 | D:4      | Killed Ijyb
  6156 | D:5      | Entered Level 5 of the Dungeon
  6432 | D:5      | Found a sacrificial altar of Ru.
  6508 | D:5      | Gained mutation: You are clumsy. (Dex -2) [mutagenic meat]
  6509 | D:5      | Gained mutation: You are weak. (Str -2) [mutagenic meat]
  6510 | D:5      | Gained mutation: You are partially covered in thin metallic scales (AC +2). [mutagenic meat]
  6511 | D:5      | Gained mutation: You regenerate slowly when monsters are visible. [mutagenic meat]
  6900 | D:5      | Found a white marble altar of Elyvilon.
  6951 | D:5      | Reached XP level 8. HP: 69/69 MP: 10/14
  7235 | D:6      | Reached skill level 5 in Unarmed Combat
  7873 | D:6      | Reached * piety under Okawaru
  8074 | D:7      | Reached skill level 5 in Transmutations
  8412 | D:6      | Reached skill level 5 in Spellcasting
  8525 | D:7      | Reached XP level 9. HP: 60/79 MP: 13/16
  8903 | D:6      | Reached skill level 5 in Fighting
  8903 | D:6      | Reached skill level 6 in Unarmed Combat
  8928 | D:7      | Reached ** piety under Okawaru
  9232 | D:7      | Noticed Menkaure
  9276 | D:7      | HP: 3/81 [hound (2)]
  9278 | D:6      | Shot with an arrow by a centaur

Skill      XL: |  1  2  3  4  5  6  7  8  9 |
---------------+----------------------------+-----
Fighting       | 2 3 4 5 |  5.0
Dodging        | 2 3 4 |  4.3
Transmutations | 3 4 5 |  5.5
Spellcasting   | 3 4 5 |  5.5
Unarmed Combat | 4 5 6 |  6.1

Action                   |  1- 3 |  4- 6 |  7- 9 || total
-------------------------+-------+-------+-------++-------
Melee: Unarmed           |    81 |   178 |   254 ||   513
       Headbutt          |     9 |     3 |     4 ||    16
       Punch             |     3 |       |     4 ||     7
 Cast: Beastly Appendage |    15 |    11 |     2 ||    28
       Spider Form       |     3 |    21 |    30 ||    54
       Sticks to Snakes  |       |     2 |     1 ||     3
 Abil: Spit Poison       |    17 |    39 |    15 ||    71
 Stab: Sleeping          |       |     1 |     1 ||     2
  Eat: Chunk             |     2 |    14 |    22 ||    38
Armor: Robe              |    17 |    17 |    22 ||    56
       Skin              |     1 |     5 |    20 ||    26
Dodge: Dodged            |    64 |   148 |   259 ||   471
